 Dungeon Crawl Stone Soup version 0.29-a0-887-gcbe080d7e0 (webtiles) character file.

Game seed: 5056765707395901614

84466 purpskrrrp the Marksgargoyle (level 15, -14/92 HPs)
             Began as a Gargoyle Earth Elementalist on July 21, 2022.
             Was the Champion of Nemelex Xobeh.
             Demolished by a Hell Sentinel (16 damage)
             ... summoned by a deep elf demonologist
             ... on level 1 of the Elven Halls.
             The game lasted 02:34:58 (22380 turns).

purpskrrrp the Marksgargoyle (GrEE)                Turns: 22380, Time: 02:35:02

Health: -14/92     AC: 28    Str: 13    XL:     15   Next: 80%
Magic:  23/23      EV: 11    Int: 21    God:    Nemelex Xobeh [******]
Gold:   2301       SH:  0    Dex: 19    Spells: 14/25 levels left

rFire   + + +      SeeInvis +   Q - +9 shortbow of War {vorpal, rElec rN+++ Int+2}
rCold   x . .      Faith    .   (shield currently unavailable)
rNeg    + + +      Spirit   .   B - +0 fire dragon scales
rPois   ∞          Reflect  .   a - +1 hat
rElec   +          Harm     .   t - scarf {shadows}
rCorr   .          Rampage  .   L - +2 pair of gloves {Dex+3}
Will    +....                   E - +2 pair of boots {Fly}
Stlth   ++........              H - amulet of regeneration
HPRegen 1.05/turn               T - ring of Oblappus {rF+ Str-3 Int+4 Dex+2}
MPRegen 0.18/turn               D - +4 ring of slaying

@: flying, slowed, very slow
A: sickness immunity, AC +11, big wings, negative energy resistance 1,
electricity resistance, torment resistance 1, petrification resistance, antennae
1, see invisible, MP-powered wands
a: Renounce Religion, Draw Escape, Draw Destruction, Draw Summoning, Triple
Draw, Deal Four, Stack Five


You were on level 1 of the Elven Halls.
You worshipped Nemelex Xobeh.
Nemelex Xobeh was exalted by your worship.
You visited 7 branches of the dungeon, and saw 24 of its levels.
You also visited: Bailey and Gauntlet.

You collected 2920 gold pieces.
You spent 619 gold pieces at shops.

Inventory:

Hand Weapons
 p - the +4 spear of the Fox {elec, Str+5}
   (You found it on level 4 of the Dungeon)

   It occasionally discharges a powerful burst of electricity upon striking a
   foe.
   Str:       It affects your strength (+5).
 y - the +9 whip of the Sky {vorpal, +Blink rN+ rCorr MP-9}
   (You found it on level 1 of the Lair of Beasts)

   It inflicts extra damage upon your enemies.
   rN:        It protects you from negative energy.
   MP:        It affects your magic capacity (-9).
   +Blink:    It lets you blink.
   rCorr:     It protects you from acid and corrosion.
 G - the +5 glaive of Gallantry {freeze, Str+6 Dex-5 Stlth+}
   (You bought it in a shop on level 2 of the Orcish Mines)

   It freezes those it strikes, dealing additional cold damage.
   It can also slow down cold-blooded creatures.
   Str:       It affects your strength (+6).
   Dex:       It affects your dexterity (-5).
   Stlth:     It makes you more stealthy.
 Q - the +9 shortbow of War (weapon) {vorpal, rElec rN+++ Int+2}
   (You found it on level 7 of the Dungeon)

   Any ammunition fired from it inflicts extra damage upon your enemies.
   Int:       It affects your intelligence (+2).
   rElec:     It insulates you from electricity.
   rN:        It renders you almost immune to negative energy.
Missiles
 h - a throwing net
 k - 149 stones
Armour
 a - a +1 hat (worn)
 i - the +2 pair of boots "Pyqy" {rPois rF- MP-9 Dex+9}
   (You found it in a Gauntlet)

   Dex:       It affects your dexterity (+9).
   rF:        It makes you vulnerable to fire.
   rPois:     It protects you from poison.
   MP:        It affects your magic capacity (-9).
 l - a +8 plate armour of ponderousness
 s - +1 steam dragon scales
 t - a scarf of shadows (worn)
 B - +0 fire dragon scales (worn)
 E - a +2 pair of boots of flying (worn)
 F - an orb of wrath
 L - a +2 pair of gloves of dexterity (worn)
 M - a +2 cloak
Jewellery
 f - an amulet of faith
 q - a ring of resist corrosion
 u - a +6 ring of dexterity
 D - a +4 ring of slaying (right hand)
 H - an amulet of regeneration (around neck)
 T - the ring of Oblappus (left hand) {rF+ Str-3 Int+4 Dex+2}
   (You acquired it on level 10 of the Dungeon)

   [ring of protection from fire]

   Str:       It affects your strength (-3).
   Int:       It affects your intelligence (+4).
   Dex:       It affects your dexterity (+2).
   rF:        It protects you from fire.
Wands
 c - a wand of paralysis (4)
 m - a wand of digging (19)
 r - a wand of polymorph (3)
 w - a wand of iceblast (10)
 O - a wand of flame (32)
 R - a wand of quicksilver (14)
 S - a wand of mindburst (11) (quivered)
Scrolls
 d - a scroll of enchant weapon
 n - 17 scrolls of teleportation
 v - a scroll of fear
 C - a scroll of poison
 W - 5 scrolls of identify
 X - 2 scrolls of magic mapping
Potions
 b - 3 potions of magic
 e - a potion of haste
 g - 3 potions of ambrosia
 j - a potion of mutation
 o - 9 potions of curing
 x - a potion of berserk rage
 z - 2 potions of cancellation
 I - a potion of might
 J - 3 potions of heal wounds
 K - 3 potions of invisibility
 U - a potion of brilliance
 V - 4 potions of lignification
Miscellaneous
 P - a tin of tremorstones (2/2)


   Skills:
 + Level 10.0 Fighting
 + Level 2.9(3.7) Short Blades
 + Level 3.3(3.9) Long Blades
 + Level 0.9(3.6) Axes
 + Level 1.0(1.5) Maces & Flails
 - Level 5.5(5.6) Polearms
 + Level 1.0(4.0) Staves
 * Level 17.3 Ranged Weapons
 + Level 2.2 Throwing
 + Level 4.5 Armour
 + Level 6.3 Dodging
 + Level 6.0 Stealth
 + Level 1.1 Shields
 - Level 0.4 Unarmed Combat
 + Level 5.9 Spellcasting
 + Level 3.1 Conjurations
 + Level 0.9 Hexes
 + Level 0.9 Summonings
 + Level 0.8 Necromancy
 + Level 0.9 Translocations
 + Level 1.3 Transmutations
 + Level 1.0 Fire Magic
 + Level 1.0 Ice Magic
 + Level 0.8 Air Magic
 * Level 14.4 Earth Magic
 + Level 1.0 Poison Magic
 + Level 1.1 Invocations
 + Level 1.8 Evocations


You had 14 spell levels left.
You knew the following spells:

 Your Spells              Type           Power      Damage    Failure   Level
a - Sandblast             Erth           100%       2d20      1%          1
b - Stone Arrow           Conj/Erth      86%        3d12      4%          3
c - Passwall              Tmut/Erth      32%        N/A       3%          2
d - Mephitic Cloud        Conj/Pois/Air  13%        N/A       65%         3
e - Blink                 Tloc           20%        N/A       50%         2

Your spell library contained the following spells:

 Spells                   Type           Power      Damage    Failure   Level
 Petrify                  Tmut/Erth      39%        N/A       22%         4
 Foxfire                  Conj/Fire      60%        2x1d7     24%         1
 Leda's Liquefaction      Hex/Erth       19%        N/A       24%         4
 Conjure Flame            Conj/Fire      15%        6-21      56%         3
 Borgnjor's Vile Clutch   Necr/Erth      19%        N/A       56%         5
 Dazzling Flash           Conj/Hex       28%        N/A       58%         3
 Ignite Poison            Fire/Tmut/Pois 11%        N/A       71%         3
 Inner Flame              Hex/Fire       10%        N/A       73%         3
 Ozocubu's Armour         Ice            10%        N/A       73%         3
 Call Canine Familiar     Summ           10%        N/A       75%         3
 Lesser Beckoning         Tloc           10%        N/A       75%         3
 Portal Projectile        Hex/Tloc       20%        N/A       75%         3
 Flame Wave               Conj/Fire      15%        2d6       93%         4
 Iskenderun's Mystic Bla  Conj/Tloc      14%        2d5       94%         4
 Summon Lightning Spire   Summ/Air       9%         N/A       98%         4
 Animate Dead             Necr           9%         N/A       99%         4
 Irradiate                Conj/Tmut      7%         3d14      99%         5
 Freezing Cloud           Conj/Ice/Air   6%         6-21      100%        5
 Manifold Assault         Tloc           10%        N/A       100%        5
 Metabolic Englaciation   Hex/Ice        5%         N/A       100%        5
 Death Channel            Necr           4%         N/A       100%        6
 Simulacrum               Ice/Necr       5%         N/A       100%        6
 Starburst                Conj/Fire      7%         6d4       100%        6
 Storm Form               Tmut/Air       5%         N/A       100%        7
 Maxwell's Capacitive Co  Air            4%         ∞         100%        8
 Sublimation of Blood     Necr           Unusable   N/A       N/A         2

Dungeon Overview and Level Annotations

Branches:
Dungeon (13/15)            Temple (1/1) D:7            Lair (5/5) D:9
 Shoals (0/4) Lair:3       Spider (1/4) Lair:2        Slime (1/5) Lair:5
    Orc (2/2) D:12            Elf (1/3) Orc:2        Bailey (visited)
Gauntlet (visited)
 Vaults: D:13-14

Altars:
Ashenzari
Cheibriados
Dithmenos
Elyvilon
Fedhas
Gozag
Hepliaklqana
Kikubaaqudgha
Makhleb
Nemelex Xobeh
Okawaru
Qazlal
Ru
Sif Muna
Trog
Uskayaw
Vehumet
Wu Jian
Xom
Yredelemnul
Zin
The Shining One

Shops:
D:3 !   D:9 :   D:10 (   D:12 *   Orc:2 [[([

Annotations:
D:13 Azrael, Nessos
Lair:2 2 transporters, dolemite99's ghost, adept TrTm


Innate Abilities, Weirdness & Mutations

You are immune to sickness and miasma.
Your stone body is resilient. (AC +11)
You are immune to poison.
Your large and strong wings let you fly.
You resist negative energy. (rN+)
You are resistant to electric shocks. (rElec)
You are resistant to unholy torment.
You are immune to petrification.
You have a pair of small antennae on your head.
You have supernaturally acute eyesight. (SInv)
You expend magic power (3 MP) to strengthen your wands.


Message History

The Executioner hits you but does no damage.
As you read the scroll of fear, it crumbles to dust.
You assume a fearsome visage.
The smoke demon looks frightened!
The Executioner resists with almost no effort.
The Hell Sentinel is unaffected.
The deep elf archer looks frightened!
The deep elf knight looks frightened!
The deep elf demonologist looks frightened!
The deep elf zephyrmancer looks frightened!
The deep elf knight looks frightened!
The Executioner hits you but does no damage. x2
The Executioner hits you. x2
The Executioner hits you but does no damage.
The Executioner barely misses you.
The Executioner hits you but does no damage. x3
The deep elf archer casts a spell.
The deep elf archer blinks!
The deep elf zephyrmancer casts a spell.
The deep elf zephyrmancer blinks!
The Executioner hits you!!
* * * LOW HITPOINT WARNING * * *
The Executioner hits you but does no damage. x2
You feel much better.
The Executioner hits you but does no damage.
The Executioner closely misses you. The Executioner barely misses you.
The Executioner hits you but does no damage. x3
The Executioner closely misses you.
The Executioner hits you but does no damage. x2
The deep elf zephyrmancer mumbles some strange words.
The deep elf zephyrmancer blinks!
The Hell Sentinel hits you!
* * * LOW HITPOINT WARNING * * *
The Hell Sentinel hits you but does no damage.
The Executioner hits you!
* * * LOW HITPOINT WARNING * * *
The Executioner hits you.
* * * LOW HITPOINT WARNING * * *
The Executioner hits you.
* * * LOW HITPOINT WARNING * * *
Cornered, the deep elf knight turns to fight!
The Hell Sentinel hits you!
You die...
Your body glows with a rainbow of weird colours and disappears.

#.....#
#..⌠).#
#:.e..#
##.....##
######'######
...#.....#..e
...#..@1.#...
⌠..')1§))'..⌠
...#..§.§#e.§
...#..3.e#...
######'######
##.....##
#....:#
#..⌠..#
#.....#


You could see a Hell Sentinel (summoned), an Executioner (summoned, fast), a
deep elf demonologist (fleeing), a deep elf archer (repels missiles, fleeing)
and 2 deep elf knights.

Vanquished Creatures
  An orc warlord (Orc:2)
  A minotaur (Gauntlet)
  Snorg (Lair:4)
  A fire dragon (Lair:5)
  A boulder beetle (Lair:4)
  A ghost crab (Gauntlet)
  7 hydras
  A two-headed ogre (D:11)
  Erica (Orc:1)
  4 death yaks (Lair:2)
  Sonja (Lair:3)
  Nergalle (Lair:3)
  A fire crab (Lair:5)
  An orb spider (Lair:2)
  A lindwurm (Lair:5)
  An orc knight (Bailey)
  2 deep elf pyromancers
  An ugly thing (D:12)
  4 oklob plants (Lair:4)
  2 manticores (D:12)
  3 wolf spiders
  A faun (D:12)
  12 elephants
  5 black mambas
  3 gargoyles
  11 cane toads
  2 molten gargoyles (Lair:5)
  2 kobold demonologists (D:11)
  A minotaur zombie (Gauntlet)
  2 rime drakes
  9 komodo dragons
  An efreet (D:13)
  3 trolls
  A red devil (Gauntlet)
  3 polar bears
  16 blink frogs
  6 dream sheep (Lair:4)
  A jumping spider (D:12)
  A culicivora (Spider:1)
  6 wyverns
  A ynoxinul (Gauntlet)
  2 shadows (D:10)
  52 yaks
  A spriggan (D:8)
  4 fire elementals (D:13)
  11 basilisks
  2 wraiths (D:11)
  2 fire bats (Gauntlet)
  A chaos spawn (Gauntlet)
  5 steam dragons
  7 vampire mosquitoes
  3 wargs
  13 water moccasins
  Duvessa (D:6)
  3 acid dragons
  6 hell hounds
  27 orc warriors
  4 ice beasts
  A sky beast (D:8)
  2 black bears
  6 ogres
  19 wolves
  6 centaurs
  A phantom (D:5)
  A kobold brigand (D:8)
  6 bullfrogs
  2 necrophages
  3 scorpions
  Dowan (D:6)
  3 wights (D:7)
  9 killer bees
  An electric eel (D:6)
  2 howler monkeys
  5 lava snakes (Lair:5)
  17 orc priests
  7 hounds
  A gnoll bouda (D:6)
  2 jellies
  Ijyb (D:3)
  8 iguanas
  Jessica (D:2)
  26 orc wizards
  16 gnolls
  7 adders
  A shadow imp (D:7)
  2 white imps
  An ufetubus (D:6)
  3 worms
  3 dart slugs
  85 orcs
  5 bats
  6 endoplasms
  2 giant cockroaches
  17 goblins
  14 hobgoblins
  5 jackals
  A quokka (D:3)
  6 ball pythons
  4 frilled lizards
  9 kobolds
  3 rats
  A spectral orc (D:4)
590 creatures vanquished.

Vanquished Creatures (collateral kills)
  A quicksilver ooze (Bailey)
  2 orc high priests
  An orc knight (Orc:2)
  4 deep elf zephyrmancers
  8 deep elf pyromancers
  A wolf spider (Spider:1)
  A dream sheep (Spider:1)
  3 yaks (D:9)
  A redback (Spider:1)
  2 wargs
  2 hell hounds (D:13)
  11 orc warriors
  An earth elemental (D:12)
  3 orc priests
  3 orc wizards
  A gnoll (D:2)
  8 orcs
  2 hobgoblins (Bailey)
55 creatures vanquished.

Vanquished Creatures (others)
  An orc (D:3)
  A bush (Lair:1)
  16 fungi
  37 plants
55 creatures vanquished.

Grand Total: 700 creatures vanquished

Notes
Turn   | Place    | Note
-------+----------+-------------------------------------------
     0 | D:1      | purpskrrrp the Gargoyle Earth Elementalist began the quest
                  | for the Orb.
     0 | D:1      | Reached XP level 1. HP: 10/10 MP: 3/3
   458 | D:1      | Found a faded altar of an unknown god.
   519 | D:1      | Reached XP level 2. HP: 6/15 MP: 3/5
   719 | D:1      | Prayed at the altar of an unknown god.
   719 | D:1      | Became a worshipper of Nemelex Xobeh the Trickster
   719 | D:1      | Reached * piety under Nemelex Xobeh
  1218 | D:1      | Received a gift from Nemelex Xobeh
  1583 | D:2      | Reached XP level 3. HP: 12/19 MP: 6/6
  1593 | D:2      | Reached skill level 1 in Armour
  1978 | D:2      | Reached skill level 1 in Short Blades
  1984 | D:2      | Reached XP level 4. HP: 22/24 MP: 7/7
  2306 | D:2      | Noticed Jessica
  2308 | D:2      | Killed Jessica
  2309 | D:2      | Reached XP level 5. HP: 28/28 MP: 5/8
  2325 | D:2      | Reached ** piety under Nemelex Xobeh
  2949 | D:3      | Noticed Ijyb
  2977 | D:3      | Killed Ijyb
  3268 | D:3      | Received a gift from Nemelex Xobeh
  3316 | D:3      | Found Ecipnyhy's Distillery.
  3327 | D:3      | Bought a potion of mutation for 88 gold pieces
  3327 | D:3      | Gained mutation: Your spells are a little easier to cast,
                  | but a little less powerful. [potion of mutation]
  3327 | D:3      | Gained mutation: A frigid envelope surrounds you and
                  | freezes all who hurt you. [potion of mutation]
  3332 | D:3      | Learned a level 3 spell: Stone Arrow
  3841 | D:4      | Reached skill level 1 in Fighting
  3909 | D:4      | Reached skill level 5 in Earth Magic
  3912 | D:4      | Reached XP level 6. HP: 30/34 MP: 1/9
  3918 | D:4      | Reached skill level 1 in Long Blades
  4360 | D:4      | Received a gift from Nemelex Xobeh
  4514 | D:4      | Reached *** piety under Nemelex Xobeh
  4547 | D:4      | Identified the +4 spear of the Fox {elec, Str+5}
  4661 | D:4      | Found a shadowy altar of Dithmenos.
  4661 | D:4      | Found an ancient bone altar of Kikubaaqudgha.
  4661 | D:4      | Found a snail-covered altar of Cheibriados.
  4672 | D:4      | Found a basalt altar of Yredelemnul.
  4721 | D:4      | Found an opulent altar of Gozag.
  4734 | D:4      | Reached XP level 7. HP: 30/38 MP: 10/10
  4945 | D:4      | Received a gift from Nemelex Xobeh
  5323 | D:5      | Entered Level 5 of the Dungeon
  5510 | D:5      | Reached skill level 1 in Polearms
  5678 | D:5      | Reached XP level 8. HP: 44/44 MP: 11/11
  6380 | D:5      | Received a gift from Nemelex Xobeh
  7256 | D:6      | Reached **** piety under Nemelex Xobeh
  7403 | D:6      | Noticed Dowan
  7405 | D:6      | Noticed Duvessa
  7413 | D:6      | Killed Dowan
  7421 | D:6      | Killed Duvessa
  7422 | D:6      | Reached skill level 1 in Conjurations
  7648 | D:6      | Learned a level 2 spell: Passwall
  7715 | D:6      | Reached skill level 1 in Throwing
  7777 | D:6      | Received a gift from Nemelex Xobeh
  7835 | D:6      | Reached XP level 9. HP: 35/49 MP: 8/14
  8650 | D:7      | Found a flagged portal.
  8660 | Bailey   | Entered a bailey
  8817 | Bailey   | Reached skill level 5 in Stealth
  9078 | Bailey   | Lost mutation: A frigid envelope surrounds you and freezes
                  | all who hurt you. [potion of mutation]
  9078 | Bailey   | Lost mutation: Your spells are a little easier to cast, but
                  | a little less powerful. [potion of mutation]
  9078 | Bailey   | Gained mutation: You have a pair of small antennae on your
                  | head. [potion of mutation]
  9078 | Bailey   | Gained mutation: You expend magic power (3 MP) to
                  | strengthen your wands. [potion of mutation]
  9078 | Bailey   | Gained mutation: You have supernaturally acute eyesight.
                  | (SInv) [potion of mutation]
  9091 | Bailey   | Noticed an orc knight
  9129 | Bailey   | Killed an orc knight
  9130 | Bailey   | Reached XP level 10. HP: 44/56 MP: 10/17
  9274 | Bailey   | Noticed an orc knight
  9276 | Bailey   | an orc knight changed into an ogre
  9278 | Bailey   | Noticed an orc warlord
  9285 | Bailey   | Reached skill level 5 in Spellcasting
  9289 | Bailey   | Noticed a quicksilver ooze
  9289 | Bailey   | an orc warlord changed into a quicksilver ooze
  9295 | Bailey   | Killed a quicksilver ooze
  9296 | Bailey   | Reached skill level 5 in Polearms
  9296 | Bailey   | Reached skill level 10 in Earth Magic
  9325 | Bailey   | Identified the +1 spear of Uwusm {freeze, rPois rC+ Str-5
                  | Dex+3}
  9694 | D:7      | Identified the +9 shortbow of War {vorpal, rElec rN+++
                  | Int+2}
  9725 | D:7      | Found a staircase to the Ecumenical Temple.
  9873 | D:7      | Received a gift from Nemelex Xobeh
 10242 | D:7      | Reached skill level 1 in Ranged Weapons
 10347 | Temple   | Entered the Ecumenical Temple
 10622 | D:8      | Reached skill level 2 in Ranged Weapons
 10871 | D:8      | Reached ***** piety under Nemelex Xobeh
 10895 | D:8      | Identified a scroll of acquirement
 10895 | D:8      | Acquired a +1 pair of gloves of dexterity
 11129 | D:8      | Reached skill level 3 in Ranged Weapons
 11139 | D:8      | Reached skill level 4 in Ranged Weapons
 11151 | D:8      | Reached skill level 5 in Ranged Weapons
 11338 | D:9      | Found a staircase to the Lair.
 11391 | D:9      | Reached XP level 11. HP: 52/60 MP: 19/19
 11411 | D:9      | Received a gift from Nemelex Xobeh
 11476 | D:9      | Reached skill level 6 in Ranged Weapons
 11515 | D:9      | Found Siemp's Vocational Training.
 11648 | D:9      | Reached skill level 7 in Ranged Weapons
 12199 | D:10     | Entered Level 10 of the Dungeon
 12231 | D:10     | Received a gift from Nemelex Xobeh
 12243 | D:10     | Acquired the ring of Oblappus {rF+ Str-3 Int+4 Dex+2}
 12311 | D:10     | Identified the -1 hand axe "Wejal" {antimagic, *Rage Will++
                  | Dex+2}
 12314 | D:10     | Reached skill level 8 in Ranged Weapons
 12582 | D:10     | You fall into a shaft and drop 3 floors!
 12591 | D:12     | Noticed a two-headed ogre
 12621 | D:12     | Noticed a faun
 12621 | D:12     | a two-headed ogre changed into a faun
 12627 | D:12     | Killed a faun
 12663 | D:12     | Noticed a manticore
 12736 | D:10     | Found Pumoxt's Weapon Shoppe.
 12844 | D:10     | Reached skill level 9 in Ranged Weapons
 13114 | D:10     | Received a gift from Nemelex Xobeh
 13333 | D:11     | Noticed a two-headed ogre
 13340 | D:11     | Killed a two-headed ogre
 13451 | D:11     | Received a gift from Nemelex Xobeh
 13591 | D:11     | Reached skill level 5 in Fighting
 13692 | D:11     | Reached skill level 10 in Ranged Weapons
 13692 | D:11     | Reached XP level 12. HP: 68/68 MP: 2/20
 13812 | D:11     | Reached skill level 1 in Maces & Flails
 13812 | D:11     | Reached skill level 1 in Staves
 13812 | D:11     | Reached skill level 1 in Shields
 13812 | D:11     | Reached skill level 1 in Transmutations
 13812 | D:11     | Reached skill level 1 in Fire Magic
 13812 | D:11     | Reached skill level 1 in Ice Magic
 13812 | D:11     | Reached skill level 1 in Poison Magic
 13812 | D:11     | Reached skill level 1 in Invocations
 13812 | D:11     | Reached skill level 1 in Evocations
 13812 | D:11     | Reached XP level 13. HP: 72/72 MP: 21/21
 13863 | D:11     | Received a gift from Nemelex Xobeh
 14118 | D:11     | Received a gift from Nemelex Xobeh
 14606 | D:12     | Found Jeckuif's Pet Rocks.
 14675 | D:12     | Reached skill level 11 in Ranged Weapons
 14731 | D:12     | Received a gift from Nemelex Xobeh
 14893 | D:12     | Found a staircase to the Orcish Mines.
 15088 | D:13     | Noticed Azrael
 15099 | D:13     | Noticed Nessos
 15122 | D:13     | Reached ****** piety under Nemelex Xobeh
 15249 | Lair:1   | Entered Level 1 of the Lair of Beasts
 15268 | Lair:1   | Found a gate leading to a gauntlet.
 15294 | Gauntlet | Entered a Gauntlet
 15294 | Gauntlet | Found a transporter.
 15294 | Gauntlet | Found a runed translucent door.
 15322 | Gauntlet | Found a runed translucent door.
 15324 | Gauntlet | Found a transporter.
 15337 | Gauntlet | Found a transporter.
 15357 | Gauntlet | Found a transporter.
 15376 | Gauntlet | Found a transporter.
 15390 | Gauntlet | Found a transporter.
 15407 | Gauntlet | Found a runed translucent door.
 15408 | Gauntlet | Received a gift from Nemelex Xobeh
 15409 | Gauntlet | Found a transporter.
 15420 | Gauntlet | Found a runed translucent door.
 15424 | Gauntlet | Found a transporter.
 15444 | Gauntlet | Found a transporter.
 15457 | Gauntlet | Found a transporter.
 15475 | Gauntlet | Found a transporter.
 15490 | Gauntlet | Found a transporter.
 15615 | Gauntlet | Found a transporter.
 15641 | Gauntlet | Found a transporter.
 15655 | Gauntlet | Learned a level 3 spell: Mephitic Cloud
 15658 | Gauntlet | Learned a level 2 spell: Blink
 15685 | Gauntlet | Reached skill level 12 in Ranged Weapons
 15689 | Gauntlet | Identified the +2 pair of boots "Pyqy" {rPois rF- MP-9
                  | Dex+9}
 15731 | Gauntlet | Noticed a minotaur
 15732 | Gauntlet | Identified the -1 quarterstaff of Ciovaadi {venom, Int+6
                  | Dex+4}
 15746 | Gauntlet | Killed a minotaur
 15890 | Lair:1   | Identified the +9 whip of the Sky {vorpal, +Blink rN+ rCorr
                  | MP-9}
 15960 | Lair:1   | Reached skill level 5 in Dodging
 16280 | Lair:1   | Received a gift from Nemelex Xobeh
 16335 | Lair:1   | Reached skill level 13 in Ranged Weapons
 16647 | Lair:2   | Found a transporter.
 16665 | Lair:2   | Gained mutation: Your large and strong wings let you fly.
                  | [Gargoyle growth]
 16665 | Lair:2   | Reached XP level 14. HP: 82/82 MP: 13/22
 16792 | Lair:2   | Received a gift from Nemelex Xobeh
 16833 | Lair:2   | Found a hole to the Spider Nest.
 16951 | Lair:2   | Reached skill level 14 in Ranged Weapons
 17010 | Lair:2   | Found a transporter.
 17010 | Lair:2   | Noticed dolemite99's ghost (adept TrTm)
 17180 | Lair:2   | Received a gift from Nemelex Xobeh
 17517 | Lair:3   | Noticed Nergalle
 17523 | Lair:3   | Killed Nergalle
 17604 | Lair:3   | Found a staircase to the Shoals.
 18020 | Lair:3   | Noticed Sonja
 18026 | Lair:3   | Killed Sonja
 18189 | Lair:3   | Received a gift from Nemelex Xobeh
 18572 | Lair:4   | Reached skill level 15 in Ranged Weapons
 18730 | Lair:4   | Received a gift from Nemelex Xobeh
 18874 | Lair:4   | Noticed Snorg
 18881 | Lair:4   | Killed Snorg
 19299 | Lair:4   | Received a gift from Nemelex Xobeh
 19659 | Lair:5   | Entered Level 5 of the Lair of Beasts
 19683 | Lair:5   | Found a staircase to the Slime Pits.
 19796 | Lair:5   | Reached XP level 15. HP: 89/89 MP: 14/23
 19820 | Lair:5   | Reached skill level 16 in Ranged Weapons
 19979 | Lair:5   | Received a gift from Nemelex Xobeh
 20240 | Lair:5   | Found a large runed translucent door.
 20241 | Lair:5   | Found a large runed translucent door.
 20596 | Slime:1  | Entered Level 1 of the Pits of Slime
 20673 | Spider:1 | Entered Level 1 of the Spider Nest
 20897 | Orc:1    | Entered Level 1 of the Orcish Mines
 20938 | Orc:1    | Reached skill level 17 in Ranged Weapons
 21059 | Orc:1    | Noticed Erica
 21065 | Orc:1    | Killed Erica
 21182 | Orc:1    | Received a gift from Nemelex Xobeh
 21314 | Orc:2    | Entered Level 2 of the Orcish Mines
 21566 | Orc:2    | Noticed an orc warlord
 21583 | Orc:2    | Killed an orc warlord
 21645 | Orc:2    | Found Walil's Antique Armour Emporium.
 21648 | Orc:2    | Found Naeh's Antique Weapon Shoppe.
 21662 | Orc:2    | Bought an iridescent glaive for 299 gold pieces
 21662 | Orc:2    | Identified the +5 glaive of Gallantry {freeze, Str+6 Dex-5
                  | Stlth+} (You bought it in a shop on level 2 of the Orcish
                  | Mines)
 21668 | Orc:2    | Bought a glowing cloak for 232 gold pieces
 21711 | Orc:2    | Found Kiulerch's Armour Shop.
 21753 | Orc:2    | Received a gift from Nemelex Xobeh
 21808 | Orc:2    | Found a staircase to the Elven Halls.
 22193 | Orc:2    | Found Yfops's Armour Boutique.
 22199 | Orc:2    | Acquired 754 gold pieces
 22355 | Elf:1    | Entered Level 1 of the Elven Halls
 22367 | Elf:1    | Reached skill level 10 in Fighting
 22378 | Elf:1    | Noticed an Executioner
 22379 | Elf:1    | Noticed a Hell Sentinel
 22380 | Elf:1    | HP: 2/92 [Executioner[a deep elf demonologist] (4)]
 22380 | Elf:1    | Demolished by a Hell Sentinel

Illustrated notes

Levels and vault maps discovered:
D:1:      scummos_arrival_hexagon, layout_basic,
          hellmonk_ecumenical_altar_lost_god
D:2:      layout_basic, uniq_jessica
D:3:      layout_basic, serial_shops, nicolae_lakefront_shop, minivault_24,
          corexii_shack, uniq_ijyb
D:4:      layout_basic, chequers_temple_overflow_statue_of_worship,
          yredelemnul_forgotten_temple_becter, serial_bayou,
          serial_bayou_pond_c, serial_bayou_shore_b, serial_bayou_lagoon_a,
          serial_bayou_lagoon_b
D:5:      layout_basic, hangedman_minor_gate_pass
D:6:      layout_loops_cross, reono_crystal_passage, minmay_crystal_water,
          minmay_statues_item, uniq_duvessa
D:7:      layout_loops_corners, minmay_temple_entry_enclosed_plants,
          enter_bailey_2
D:8:      layout_basic, the_hattery
D:9:      layout_loops_cross, lair_entry_dummy, nicolae_shop_vocational
D:10:     layout_basic, serial_shops, shop, minmay_misc_feat_tiny
D:11:     layout_gridville, chequers_serial_rivers_small_a
D:12:     layout_cave_pools, hiddenorc1_lemuel, guppyfry_shop_earth
D:13:     kennysheep_big_flooded_room, layout_cave_pools, uniq_azrael,
          uniq_nessos
Temple:   minmay_temple_bridge_d
Lair:1:   layout_misc_corridors, gauntlet_entry_generic, st_stairs_13,
          beast_lair_carwin_1
Lair:2:   layout_chaotic_city, nicolae_spider_entry_orb_guardian,
          gammafunk_ghost_arena, infiniplex_staircase_pool_2,
          serial_bayou_shore_b
Lair:3:   layout_hall_layers, minmay_shoals_entry_centaurs,
          serial_bayou_shore_a, uniq_sonja, uniq_nergalle
Lair:4:   minmay_lair_oklob_tunnel, layout_long_grid, serial_bayou,
          serial_bayou_pond_d, serial_bayou_shore_b, serial_bayou_crossing,
          serial_bayou_pond_d, nicolae_lair_run_with_the_wolves, uniq_snorg
Lair:5:   cheibrodos_lair_end_hotspot, layout_loops_ring, slime_entry_1
Spider:1: layout_spider_delve
Slime:1:  layout_caves
Orc:1:    layout_caves, elves_outpost_lemuel, uniq_erica
Orc:2:    grunt_orc_community_town_hall, layout_diamond_mine,
          grunt_orc_community_big_house_2, grunt_orc_community_big_house_2,
          grunt_orc_community_house_2, grunt_orc_community_house_1,
          grunt_orc_community_house_3, grunt_orc_community_house_1,
          grunt_orc_community_house_1, grunt_orc_community_house_2
Elf:1:    minmay_elf_arrival_plus, layout_loops_corners, serial_shops,
          shop_fountains, orc_legates

Skill      XL: |  1  2  3  4  5  6  7  8  9 10 11 12 13 14 15 |
---------------+----------------------------------------------+-----
Earth Magic    | 4 5 6 8 9 10 11 12 13 14 | 14.4
Armour         | 1 2 3 4 |  4.5
Short Blades   | 1 2 |  2.9
Dodging        | 2 3 4 5 6 |  6.3
Fighting       | 1 2 3 5 7 8 10 | 10.0
Long Blades    | 1 2 3 |  3.3
Stealth        | 3 4 5 6 |  6.0
Polearms       | 1 3 4 5 |  5.5
Spellcasting   | 3 4 5 |  5.9
Conjurations   | 1 2 3 |  3.1
Throwing       | 1 2 |  2.2
Ranged Weapons | 5 10 13 15 17 | 17.3
Maces & Flails | 1 |  1.0
Staves         | 1 |  1.0
Shields        | 1 |  1.1
Transmutations | 1 |  1.3
Fire Magic     | 1 |  1.0
Ice Magic      | 1 |  1.0
Poison Magic   | 1 |  1.0
Invocations    | 1 |  1.1
Evocations     | 1 |  1.8
Axes           | |  0.9
Unarmed Combat | |  0.4
Hexes          | |  0.9
Summonings     | |  0.9
Necromancy     | |  0.8
Translocations | |  0.9
Air Magic      | |  0.8

Action                   |  1- 3 |  4- 6 |  7- 9 | 10-12 | 13-15 || total
-------------------------+-------+-------+-------+-------+-------++-------
Melee: Unarmed           |    32 |       |       |       |       ||    32
       Dagger            |    59 |     7 |       |       |       ||    66
       Great sword       |       |    69 |       |       |       ||    69
       Spear             |       |    10 |   151 |    63 |       ||   224
       Punch             |       |       |     1 |       |       ||     1
 Fire: Shortbow          |       |       |       |   310 |  1115 ||  1425
Throw: Dart              |     5 |     2 |       |       |       ||     7
       Javelin           |       |       |     3 |       |       ||     3
       Throwing net      |       |       |     2 |       |       ||     2
 Cast: Sandblast         |     1 |    16 |    42 |       |       ||    59
       Stone Arrow       |       |     6 |    24 |     6 |       ||    36
Invok: Draw Destruction  |     1 |     1 |     1 |    23 |    24 ||    50
       Draw Summoning    |       |     1 |     1 |     7 |    13 ||    22
Evoke: Tin of tremorston |       |       |       |       |     2 ||     2
       Wand              |       |       |       |       |     4 ||     4
  Use: Scroll            |     1 |    10 |     8 |    13 |    12 ||    44
       Potion            |       |     4 |     2 |     2 |     5 ||    13
 Stab: Sleeping          |     3 |     6 |     8 |       |       ||    17
Armor: Leather armour    |    25 |     1 |       |       |       ||    26
       Robe              |     3 |       |       |       |       ||     3
       Steam dragon scal |       |    36 |    68 |   127 |   172 ||   403
       Fire dragon scale |       |       |       |       |    80 ||    80
Dodge: Dodged            |    41 |    81 |   107 |   202 |   349 ||   780

Table legend: (Time is in decaauts)
 A = Elapsed time spent in this place.
 B = Non-inter-level travel time spent in this place.
 C = Inter-level travel time spent in this place.
 D = Time resting spent in this place.
 E = Time spent auto-exploring this place.
 F = Levels seen in this place.
 G = Mean time per level.
                   A        B        C        D        E       F      G
               +--------+--------+--------+--------+--------+-----+--------+
         Total |  22432 |  20812 |   1620 |   1996 |  14100 |  26 |  862.8 |
       Dungeon |  14654 |  13530 |   1124 |   1577 |   9386 |  13 | 1127.2 |
        Temple |    232 |    232 |      0 |      0 |    206 |   1 |  232.0 |
          Lair |   4831 |   4463 |    368 |    153 |   3317 |   5 |  966.2 |
   Spider Nest |     13 |     13 |      0 |      0 |      0 |   1 |   13.0 |
    Slime Pits |      1 |      1 |      0 |      0 |      0 |   1 |    1.0 |
  Orcish Mines |   1453 |   1327 |    126 |     15 |    975 |   2 |  726.5 |
   Elven Halls |     27 |     27 |      0 |      0 |      0 |   1 |   27.0 |
        Bailey |    730 |    730 |      0 |    173 |     38 |   1 |  730.0 |
      Gauntlet |    487 |    487 |      0 |     78 |    178 |   1 |  487.0 |
               +--------+--------+--------+--------+--------+-----+--------+

Top non-repeatable levels by time:
     D:5: 1892 daAuts
     D:4: 1583 daAuts
     D:2: 1537 daAuts
     D:6: 1386 daAuts
     D:1: 1293 daAuts
    D:11: 1245 daAuts
  Lair:4: 1160 daAuts
     D:7: 1121 daAuts
   Orc:2: 1037 daAuts
     D:3: 1029 daAuts
    D:10: 1021 daAuts
  Lair:2: 1001 daAuts
  Lair:3: 989 daAuts
     D:9: 973 daAuts
  Lair:5: 883 daAuts
